 Dungeon Crawl Stone Soup version 0.31-a0-889-g1a8549509d (webtiles) character file.

Game seed: 6908734806072894197

1137 Azuregosa the Covert (level 8, -1/52 HPs)
             Began as an Octopode Delver on Oct 16, 2023.
             Was a Priest of Sif Muna.
             Killed from afar by a steam dragon (13 damage)
             ... with a ball of steam
             ... on level 7 of the Dungeon.
             The game lasted 00:17:51 (4864 turns).

Azuregosa the Covert (Octopode Delver)              Turns: 4864, Time: 00:17:52

Health: -1/52      AC:  3    Str: 12    XL:     8   Next: 36%
Magic:  16/16      EV: 13    Int: 14    God:    Sif Muna [***...]
Gold:   255        SH:  0    Dex: 15    Spells: 5/18 levels left

rFire   . . .        w - +9 mace of Iclesozi {drain, Dex+2}
rCold   . . .        (no shield)
rNeg    + . .        d - +2 hat
rPois   .            (no amulet)
rElec   .            n - ring of positive energy
rCorr   .            (no ring)
SInv    .            (no ring)
Will    .....        (no ring)
Stlth   +++++        (no ring)
HPRegen 0.28/turn    (no ring)
MPRegen 0.15/turn    (no ring)
                     (no ring)

%: no passive effects
@: no status effects
A: almost no armour, amphibious, 8 rings, camouflage 1, gelatinous body 1,
(nimble swimmer 1), tentacles
a: Renounce Religion, Channel Magic, Forget Spell


You were on level 7 of the Dungeon.
You worshipped Sif Muna.
Sif Muna was most pleased with you.
You visited 2 branches of the dungeon, and saw 8 of its levels.

You collected 255 gold pieces.

Inventory:

Hand Weapons
 a - a +0 mace
 v - a +2 whip of electrocution
 w - the +9 mace of Iclesozi (weapon) {drain, Dex+2}
   (You found it on level 3 of the Dungeon)

   Dex+2:     It affects your dexterity (+2).
 B - a +4 quarterstaff of chaos
Missiles
 j - 57 stones
Armour
 d - a +2 hat (worn)
 y - a +0 kite shield
Magical Staves
 p - a staff of conjuration
Jewellery
 n - a ring of positive energy (left tentacle)
 t - a ring of ice
 u - the amulet of Ru's Supremacy {Acrobat +Blink Str+3}
   (You found it on level 2 of the Dungeon)

   [amulet of the acrobat]

   Acrobat:   It increases your evasion while moving and waiting.
   Str+3:     It affects your strength (+3).
   +Blink:    It lets you blink.
 z - a +5 ring of evasion
Wands
 f - a wand of digging (7)
Scrolls
 b - a scroll of fog
 c - a scroll of poison {unknown}
 h - 2 scrolls of teleportation {unknown}
 i - 6 scrolls of identify {unknown}
 o - 2 scrolls of fear
 r - 3 scrolls of enchant weapon {unknown}
 s - 2 scrolls of revelation
Potions
 e - 3 potions of attraction {unknown}
 g - a potion of might {unknown}
 k - 3 potions of resistance {unknown}
 l - 6 potions of curing {unknown}
 m - 2 potions of degeneration {unknown}
 q - a potion of enlightenment {unknown}
 x - a potion of magic {unknown}
 A - 2 potions of heal wounds {unknown}
 C - a potion of berserk rage {unknown}
 D - a potion of lignification {unknown}
 E - a potion of haste


   Skills:
 - Level 3.0 Fighting
 - Level 2.0 Maces & Flails
 - Level 2.0 Dodging
 - Level 8.0 Stealth
 + Level 5.8 Spellcasting
 - Level 6.0 Conjurations
 + Level 1.2 Poison Magic


You had 5 spell levels left.
You knew the following spells:

 Your Spells              Type           Power      Damage    Failure   Level
a - Magic Dart            Conj           84%        1d7       1%          1
b - Mephitic Cloud        Conj/Pois/Air  10%        N/A       19%         3
c - Dazzling Flash        Conj/Hex       24%        N/A       14%         3
d - Starburst             Conj/Fire      6%         6d4       100%        6

Your spell library contained the following spells:

 Spells                   Type           Power      Damage    Failure   Level
 Foxfire                  Conj/Fire      48%        2x1d6     4%          1
 Call Imp                 Summ           8%         N/A       24%         2
 Call Canine Familiar     Summ           4%         N/A       43%         3
 Sigil of Binding         Hex            4%         N/A       43%         3
 Volatile Blastmotes      Fire/Tloc      8%         2d10      43%         3
 Dimensional Bullseye     Hex/Tloc       2%         N/A       85%         4
 Leda's Liquefaction      Hex/Erth       2%         N/A       85%         4
 Summon Forest            Summ/Tloc      2%         N/A       99%         5
 Eringya's Noxious Bog    Tmut/Pois      2%         4d6       100%        6
 Summon Hydra             Summ           2%         N/A       100%        7
 Maxwell's Capacitive Co  Air            2%         ∞         100%        8


Dungeon Overview and Level Annotations

Branches:
Dungeon (7/15)             Temple (1/1) D:5

Altars:
Ashenzari
Elyvilon
Fedhas
Makhleb
Nemelex Xobeh
Okawaru
Ru
Sif Muna
Uskayaw
Wu Jian
Xom
Yredelemnul
Zin
The Shining One

Shops:
D:5 *


Innate Abilities, Weirdness & Mutations

You cannot wear most types of armour.
You are amphibious.
You can wear up to eight rings at the same time.
Your skin changes colour to match your surroundings (Stealth+).
Your rubbery body absorbs attacks. (AC +1, EV +1)
((You are camouflaged when in or above water. (Stealth+)))
You have tentacles for arms and can constrict up to eight enemies at once.


Message History

Sif Muna accepts your kill.
Your Poison Magic skill increases to level 1!
f - a wand of digging (7) (gained 5 charges)
There is a stone staircase leading down here.
You climb downwards.
Found a potion of haste and a runed peridot ring.
There is a stone staircase leading up here.
E - a potion of haste A steam dragon comes into view.
The steam dragon hisses angrily.
You closely miss the steam dragon.
Your tentacle-slap misses the steam dragon.
The steam dragon bites you. The steam dragon barely misses you.
The steam dragon bites you! The steam dragon claws you.
You thump the steam dragon! You drain the steam dragon.
The steam dragon is heavily wounded.
The steam dragon barely misses you. The steam dragon completely misses you.
You hit the steam dragon but do no damage.
You drain the steam dragon.
The steam dragon is severely wounded.
The steam dragon breathes steam at you. The ball of steam misses you.
You completely miss the steam dragon.
The steam dragon is severely wounded.
You are engulfed in a cloud of scalding steam.
The steam dragon misses you. The steam dragon closely misses you.
You barely miss the steam dragon.
The steam dragon is severely wounded.
You are engulfed in a cloud of scalding steam.
The steam dragon bites you but does no damage.
The steam dragon misses you. The steam dragon bites you.
* * * LOW HITPOINT WARNING * * *
The steam dragon claws you.
* * * LOW HITPOINT WARNING * * *
The steam dragon barely misses you. The steam dragon closely misses you.
You hit the steam dragon. You drain the steam dragon.
The steam dragon is almost dead.
The steam dragon breathes steam at you. The ball of steam hits you!
You die...

........<.....#
.##......#...##
#####..# ###
#.....##
#......#
#§.....#
#.....##
+=.....#
#..@D..#
#.....##
.........#
...........#
.............#
#....#########
#####....####:..
..............(.
...............


You could see a steam dragon (catching breath, very drained).

Vanquished Creatures
  Menkaure (D:5)
  A black bear (D:5)
  3 ogres (D:5)
  A bullfrog (D:6)
  7 hounds
  An orc priest (D:4)
  2 sleepcaps
  Crazy Yiuf (D:5)
  3 iguanas
  8 adders
  4 gnolls (D:4)
  A white imp (D:6)
  2 worms
  5 dart slugs
  8 orcs
  10 ball pythons
  7 bats
  8 endoplasms
  6 giant cockroaches
  6 goblins
  4 hobgoblins
  3 jackals
  3 quokkas
  2 frilled lizards
  5 kobolds
  4 rats
106 creatures vanquished.

Notes
Turn   | Place    | Note
-------+----------+-------------------------------------------
     0 | D:5      | Azuregosa the Octopode Delver began the quest for the Orb.
     0 | D:5      | Reached XP level 1. HP: 16/16 MP: 1/1
    28 | D:5      | Noticed an orc priest
    71 | D:5      | Noticed a sleepcap
    74 | D:5      | Found a staircase to the Ecumenical Temple.
    82 | D:5      | Noticed an ogre
    88 | Temple   | Entered the Ecumenical Temple
   113 | Temple   | Became a worshipper of Sif Muna the Loreminder
   129 | D:5      | Noticed an ogre
   131 | D:5      | Noticed a hound
   212 | D:4      | Reached skill level 7 in Stealth
   292 | D:4      | Reached XP level 2. HP: 21/21 MP: 2/2
   412 | D:3      | Found a sparkling altar of Nemelex Xobeh.
   449 | D:2      | Identified the +9 chain mail "Koicua Jeus" {+Inv rF+}
   527 | D:2      | Reached XP level 3. HP: 26/26 MP: 3/3
   617 | D:2      | Reached skill level 8 in Stealth
   928 | D:1      | Reached skill level 1 in Spellcasting
  1003 | D:1      | Reached * piety under Sif Muna
  1070 | D:1      | Learned a level 1 spell: Magic Dart
  1142 | D:1      | Found a faded altar of an unknown god.
  1153 | D:1      | Got Plato's Octavo of Causimancy
  1173 | D:1      | Reached XP level 4. HP: 29/31 MP: 4/6
  1189 | D:1      | Learned a level 3 spell: Mephitic Cloud
  1625 | D:2      | Identified the amulet of Ru's Supremacy {Acrobat +Blink
                  | Str+3}
  1637 | D:3      | Reached skill level 1 in Conjurations
  1932 | D:3      | Identified the +9 mace of Iclesozi {drain, Dex+2}
  2363 | D:3      | Found a glowing silver altar of Zin.
  2413 | D:3      | Reached ** piety under Sif Muna
  2420 | D:3      | Reached XP level 5. HP: 36/36 MP: 8/8
  2951 | D:4      | Learned a level 3 spell: Dazzling Flash
  2974 | D:4      | Reached XP level 6. HP: 42/42 MP: 10/10
  3070 | D:5      | Noticed a black bear
  3076 | D:5      | Killed a black bear
  3407 | D:5      | Noticed Menkaure
  3414 | D:5      | Killed Menkaure
  3415 | D:5      | Reached XP level 7. HP: 29/46 MP: 11/13
  3668 | D:5      | HP: 1/46 [ogre/+0 giant spiked club (15)]
  4004 | D:5      | Found a runed translucent door.
  4005 | D:5      | Noticed Crazy Yiuf
  4011 | D:5      | Killed Crazy Yiuf
  4121 | D:5      | Reached skill level 5 in Conjurations
  4139 | D:5      | Reached skill level 5 in Spellcasting
  4291 | D:5      | Reached XP level 8. HP: 52/52 MP: 15/15
  4325 | D:5      | Learned a level 6 spell: Starburst
  4606 | D:6      | Reached *** piety under Sif Muna
  4833 | D:6      | Reached skill level 1 in Poison Magic
  4864 | D:7      | Killed from afar by a steam dragon

Illustrated notes

Levels and vault maps discovered:
D:1:      evilmike_arrival_fibonacci_small, layout_loops_ring,
          shapermc_ecumenical_altar_rom_forum
D:2:      layout_basic
D:3:      layout_basic, zin_treasury, mainiacjoe_overflow_six_doors_small,
          minmay_fractal_squares_gapless_5
D:4:      layout_gridville
D:5:      layout_loops_ring, minmay_temple_entry_slanted, serial_shops,
          nicolae_take_the_stairs, uniq_menkaure, uniq_crazy_yiuf_cottage
D:6:      layout_basic, chequers_hall_statues_corner_a,
          kennysheep_generic_room_9
D:7:      layout_gridville, nicolae_gozag_cash_rules_everything_around_me
Temple:   nicolae_temple_ecumenical_triangle

Skill      XL: |  1  2  3  4  5  6  7  8 |
---------------+-------------------------+-----
Stealth        | 7 8 |  8.0
Spellcasting   | 1 2 3 4 5 |  5.8
Conjurations   | 1 2 4 5 6 |  6.0
Poison Magic   | 1 |  1.2
Fighting       | |  3.0
Maces & Flails | |  2.0
Dodging        | |  2.0

Action                     |  1- 3 |  4- 6 |  7- 9 || total
---------------------------+-------+-------+-------++-------
  Melee: Mace              |    31 |    38 |    57 ||   126
         Tentacles         |    15 |    15 |     7 ||    37
         Constrict         |    18 |    25 |    11 ||    54
         Punch             |     1 |       |     1 ||     2
         Staff             |    44 |    49 |       ||    93
   Cast: Magic Dart        |     3 |     4 |     7 ||    14
  Evoke: Wand              |       |     1 |       ||     1
    Use: Scroll            |     2 |       |       ||     2
         Potion            |     1 |       |       ||     1
   Stab: Sleeping          |    12 |    12 |     4 ||    28
         Distracted        |       |       |     1 ||     1
 Armour: Skin              |    41 |    36 |    29 ||   106
  Dodge: Dodged            |    61 |    45 |    37 ||   143

Table legend: (Time is in decaauts)
 A = Elapsed time spent in this place.
 B = Non-inter-level travel time spent in this place.
 C = Inter-level travel time spent in this place.
 D = Time resting spent in this place.
 E = Time spent auto-exploring this place.
 F = Levels seen in this place.
 G = Mean time per level.
                   A        B        C        D        E       F      G
               +--------+--------+--------+--------+--------+-----+--------+
         Total |   4898 |   4797 |    101 |    939 |   2380 |   8 |  612.2 |
       Dungeon |   4860 |   4759 |    101 |    939 |   2380 |   7 |  694.3 |
        Temple |     37 |     37 |      0 |      0 |      0 |   1 |   37.0 |
               +--------+--------+--------+--------+--------+-----+--------+

Top non-repeatable levels by time:
     D:5: 1307 daAuts
     D:3: 1013 daAuts
     D:4: 994 daAuts
     D:1: 751 daAuts
     D:2: 430 daAuts
     D:6: 326 daAuts
  Temple: 37 daAuts
     D:7: 37 daAuts
